 Dungeon Crawl Stone Soup version 0.30-a0-1163-gf69bf04e7a (webtiles) character file.

Game seed: 4410681325523114137

32 ytrimaz the Slasher (level 3, 0/27 HPs)
             Began as a Demonspawn Gladiator on Apr 28, 2023.
             Slain by a gnoll
             ... wielding a +0 spear
              (4 damage)
             ... on level 2 of the Dungeon.
             The game lasted 00:00:47 (1097 turns).

ytrimaz the Slasher (Demonspawn Gladiator)          Turns: 1097, Time: 00:00:47

Health: 0/27       AC:  3    Str: 14    XL:     3   Next: 8%
Magic:  3/3        EV: 12    Int:  9    God:
Gold:   138        SH:  0    Dex: 16    Spells: 2/2 levels left

rFire   + . .        a - +0 long sword
rCold   . . .        (no shield)
rNeg    . . .        b - +0 leather armour
rPois   .            (helmet restricted)
rElec   .            (no cloak)
rCorr   .            (no gloves)
SInv    .            (no boots)
Will    .....        (no amulet)
Stlth   +            k - ring of protection from fire
HPRegen 0.24/turn    (no ring)
MPRegen 0.08/turn

%: no passive effects
@: no status effects
A: antennae 1, demonic touch 1
a: no special abilities


You were on level 2 of the Dungeon.
You visited 1 branch of the dungeon, and saw 2 of its levels.

You collected 138 gold pieces.


Innate Abilities, Weirdness & Mutations

You have a pair of small antennae on your head.
Your touch may inflict minor irresistible damage on your foes.


   Skills:
 - Level 2.0 Fighting
 * Level 3.5 Long Blades
 - Level 1.7 Throwing
 + Level 3.1 Dodging


You had 2 spell levels left.
You didn't know any spells.
Your spell library contained the following spells:

 Spells                   Type           Power      Damage    Failure   Level
 Blink                    Tloc           0%         N/A       61%         2
 Lesser Beckoning         Tloc           0%         N/A       61%         2
 Momentum Strike          Conj/Tloc      0%         3d8       61%         2
 Leda's Liquefaction      Hex/Erth       0%         N/A       99%         4
 Lee's Rapid Deconstruct  Erth           0%         3d4*      100%        5
 Statue Form              Tmut/Erth      0%         N/A       100%        6

Inventory:

Hand Weapons
 a - a +0 long sword (weapon)
Missiles
 d - 3 throwing nets (quivered)
 e - a javelin
Armour
 b - a +0 leather armour (worn)
 c - a +0 helmet
Jewellery
 k - a ring of protection from fire (left hand)
   (You found it on level 1 of the Dungeon)
Scrolls
 f - a scroll of teleportation {unknown}
 h - a scroll of amnesia {unknown}
 i - a scroll of fog {unknown}
 l - a scroll of vulnerability {unknown}
Potions
 g - 2 potions of curing {unknown}
 j - a potion of haste {unknown}
 m - a potion of mutation {unknown}

Dungeon Overview and Level Annotations

Branches:
Dungeon (2/15) Zot: 10889

Altars:

..).......# ####......#
##.##### #..### #######
##...# ......# ###†#
......# #.### ......#
#...######g.....#
##########....#.@g.....#
................).......
<#############.........#
## #........##
#........# #..........
#.......... #..........
#..#......


You could see 2 gnolls.


Message History

You are too injured to fight recklessly!
You are too injured to fight recklessly!
You are too injured to fight recklessly!
You are too injured to fight recklessly!
You are too injured to fight recklessly!
The endoplasm freezes you.
You are frozen.
* * * LOW HITPOINT WARNING * * *
😨 HP[-5]
You take 5 damage, and now have 9/22 hp.
MASSIVE DAMAGE!! (PAUSE)
You are too injured to fight recklessly!
An endoplasm is nearby!
You are too injured to fight recklessly!
Unknown command.
You hit the endoplasm but do no damage.
The endoplasm hits you but does no damage.
The endoplasm freezes you.
You are frozen.
* * * LOW HITPOINT WARNING * * *
😱 HP[-4]
You take 4 damage, and now have 5/22 hp.
You barely miss the endoplasm. The endoplasm barely misses you.
You hit the endoplasm.
The endoplasm closely misses you. 😨 HP[+1] Unknown command.
You slash the endoplasm!
You kill the endoplasm!
Unknown command.
Key pressed, stopping explore.
g - 2 bubbling white potions (gained 1)
m - a fizzy green potion Unknown command. 😎 HP[+16]
Your hp is fully restored (22).
Found a stone staircase leading down.
There is a stone staircase leading down here.
You now have 134 gold pieces (gained 7).
You see here a +0 quarterstaff.
An adder comes into view.
An adder is nearby!
The adder hisses angrily.
You slash the adder! The adder bites you but does no damage.
The adder closely misses you.
You slash the adder!
You kill the adder!
Your Dodging skill increases to level 3!
Unknown command.
You see here an adder corpse.
No target in view!
Unknown command.
No target in view!
You now have 138 gold pieces (gained 4).
A gnoll comes into view. It is wielding a +0 club.
A gnoll is nearby!
A gnoll is nearby!
A gnoll comes into view. It is wielding a +0 flail.
The gnoll shouts!
The gnoll moves out of view.
A gnoll comes into view. It is wielding a +0 spear.
The gnoll hits you with a +0 club. 😕 HP[-4]
You take 4 damage, and now have 18/22 hp.
You hit the gnoll.
The gnoll hits you with a +0 club. 😮 HP[-4]
You take 4 damage, and now have 14/22 hp.
You hit the gnoll. The gnoll hits you with a +0 club.
* * * LOW HITPOINT WARNING * * *
😨 HP[-6]
You take 6 damage, and now have 8/22 hp.
MASSIVE DAMAGE!! (PAUSE)
You are too injured to fight recklessly!
You slash the gnoll!
You kill the gnoll!
You have reached level 3!
Your experience leads to an increase in your attributes!
Increase (S)trength, (I)ntelligence, or (D)exterity?
You feel agile. x2; Your demonic ancestry asserts itself...
Your hands begin to faintly glow with unholy energy. 😨 HP[+2] MP[+1]
You now have 27 max hp (+5).
You regained 2 hp, and now have 10/27 hp.
Your mp is fully restored (3).
The gnoll closely misses you. The gnoll barely misses you. 😨 HP[+1]
You barely miss the gnoll. The gnoll hits you with a +0 spear.
* * * LOW HITPOINT WARNING * * *
The gnoll barely misses you. 😨 HP[-4]
You take 4 damage, and now have 7/27 hp.
Unknown command.
You closely miss the gnoll. The gnoll hits you with a +0 spear.
* * * LOW HITPOINT WARNING * * *
The gnoll hits you with a +0 flail.
* * * LOW HITPOINT WARNING * * *
😱 HP[-4]
You take 4 damage, and now have 3/27 hp.
You completely miss the gnoll. The gnoll barely misses you.
The gnoll hits you with a +0 spear.
You die...

Skill      XL: |  1  2 |
---------------+-------+-----
Long Blades    | 3 |  3.5
Dodging        | 3 |  3.1
Fighting       | |  2.0
Throwing       | |  1.7

Action                     || total
---------------------------++-------
  Melee: Long sword        ||    53
   Stab: Sleeping          ||     1
 Armour: Leather armour    ||    18
  Dodge: Dodged            ||    30

Levels and vault maps discovered:
D:1:      dpeg_arrival_orchard, layout_basic,
          hellmonk_ecumenical_altar_inner_sanctum, minmay_misc_feat_alley
D:2:      layout_basic, uniq_natasha

Notes
Turn   | Place    | Note
-------+----------+-------------------------------------------
     0 | D:1      | ytrimaz the Demonspawn Gladiator began the quest for the
                  | Orb.
     0 | D:1      | Reached XP level 1. HP: 16/16 MP: 1/1
     0 | D:1      | magus.rc [v1.9.6]
   101 | D:1      | You pick up a book of Spatial Translocations and begin
                  | reading...
   101 | D:1      | You add the spells Blink, Momentum Strike and Lesser
                  | Beckoning to your library.
   176 | D:1      | Reached skill level 3 in Long Blades
   248 | D:1      | You pick up a book of the Earth and begin reading...
   248 | D:1      | You add the spells Leda's Liquefaction, Lee's Rapid
                  | Deconstruction and Statue Form to your library.
   377 | D:1      | You feel monstrous as your demonic heritage exerts itself.
   377 | D:1      | Discovered your monstrous ancestry.
   377 | D:1      | Gained mutation: You have a pair of small antennae on your
                  | head. [demonic ancestry]
   377 | D:1      | Reached XP level 2. HP: 19/22 MP: 2/2
   399 | D:1      | Found a faded altar of an unknown god.
   963 | D:2      | HP: 5/22 [frozen (4)]
  1079 | D:2      | Reached skill level 3 in Dodging
  1094 | D:2      | Gained mutation: Your touch may inflict minor irresistible
                  | damage on your foes. [demonic ancestry]
  1094 | D:2      | Reached XP level 3. HP: 10/27 MP: 3/3
  1096 | D:2      | HP: 6/27 [gnoll/+0 spear (1)]
  1097 | D:2      | Slain by a gnoll

Vanquished Creatures
  An adder (D:2)
  A gnoll (D:2)
  3 endoplasms
  2 giant cockroaches (D:1)
  2 ball pythons (D:1)
  A bat (D:1)
  A frilled lizard (D:1)
  A kobold (D:1)
  2 rats (D:1)
14 creatures vanquished.

Table legend:
 A = Non-vault XP
 B = Vault XP
 C = Vault XP percentage of total XP
 D = Non-vault monster count
 E = Vault monster count
 F = Vault count percentage of total count
                 A         B        C        D         E       F
            +---------+---------+-------+---------+---------+-------
      Total |      46 |       0 |   0.0 |      14 |       0 |   0.0
            +---------+---------+-------+---------+---------+-------
        D:1 |      16 |       0 |   0.0 |      11 |       0 |   0.0
        D:2 |      30 |       0 |   0.0 |       3 |       0 |   0.0
            +---------+---------+-------+---------+---------+-------

Skill      XL: |  1  2 |
---------------+-------+-----
Long Blades    | 3 |  3.5
Dodging        | 3 |  3.1
Fighting       | |  2.0
Throwing       | |  1.7

Action                     || total
---------------------------++-------
  Melee: Long sword        ||    53
   Stab: Sleeping          ||     1
 Armour: Leather armour    ||    18
  Dodge: Dodged            ||    30

Illustrated notes

Table legend:
 A = Kills in this place as a percentage of kills in the entire game.
 B = Kills by you in this place as a percentage of kills by you in the entire game.
 C = Kills by friends in this place as a percentage of kills by friends in the entire game.
 D = Other kills in this place as a percentage of other kills in the entire game.
 E = Experience gained in this place as a percentage of experience gained in the entire game.
 F = Experience gained in this place divided by the number of levels of this place that you have seen.
                   A       B       C       D       E      F
               +-------+-------+-------+-------+-------+----------------------
         Total | 100.0 | 100.0 |   N/A |   N/A | 100.0 |  23.0
       Dungeon | 100.0 | 100.0 |   N/A |   N/A | 100.0 |  23.0
               +-------+-------+-------+-------+-------+----------------------

Table legend: (Time is in decaauts)
 A = Elapsed time spent in this place.
 B = Non-inter-level travel time spent in this place.
 C = Inter-level travel time spent in this place.
 D = Time resting spent in this place.
 E = Time spent auto-exploring this place.
 F = Levels seen in this place.
 G = Mean time per level.
                   A        B        C        D        E       F      G
               +--------+--------+--------+--------+--------+-----+--------+
         Total |   1109 |   1066 |     43 |      0 |    942 |   2 |  554.5 |
       Dungeon |   1109 |   1066 |     43 |      0 |    942 |   2 |  554.5 |
               +--------+--------+--------+--------+--------+-----+--------+

Top non-repeatable levels by time:
     D:1: 966 daAuts
     D:2: 143 daAuts
